 Dungeon Crawl Stone Soup version 0.31-a0-233-g139696dc86 (webtiles) character file.

Game seed: 12963637965478878113

146 qw the Shooter (level 5, -4/45 HPs)
             Began as a Minotaur Hexslinger on July 8, 2023.
             Was an Initiate of Okawaru.
             Slain by a water moccasin (7 damage)
             ... on level 4 of the Dungeon.
             The game lasted 00:01:01 (2470 turns).

qw the Shooter (Minotaur Hexslinger)                Turns: 2470, Time: 00:01:02

Health: -4/45      AC:  6    Str: 13    XL:     5   Next: 7%
Magic:  5/5        EV: 11    Int: 10    God:    Okawaru [......]
Gold:   175        SH:  5    Dex: 14    Spells: 5/6 levels left

rFire   . . .        Y - +4 sling
rCold   . . .        (no shield)
rNeg    . . .        j - +0 ring mail
rPois   .            (helmet restricted)
rElec   .            g - +0 cloak
rCorr   .            (no gloves)
SInv    +            (no boots)
Will    .....        i - amulet of reflection
Stlth   +            e - ring of see invisible
HPRegen 0.27/turn    (no ring)
MPRegen 0.09/turn

%: reflection
@: lethally poisoned (-4 -> -10)
A: horns 2, retaliatory headbutt
a: Renounce Religion


You were on level 4 of the Dungeon.
You worshipped Okawaru.
Okawaru was noncommittal.
You visited 1 branch of the dungeon, and saw 4 of its levels.

You collected 175 gold pieces.


Innate Abilities, Weirdness & Mutations

You have a pair of horns on your head.
You reflexively headbutt those who attack you in melee.


   Skills:
 - Level 3.0 Fighting
 + Level 5.0 Ranged Weapons
 - Level 1.0 Armour
 - Level 2.1 Dodging
 - Level 1.0 Spellcasting
 - Level 2.0 Hexes


You had 5 spell levels left.
You knew the following spells:

 Your Spells              Type           Power      Damage    Failure   Level
a - Slow                  Hex            16%        N/A       32%         1

Your spell library contained the following spells:

 Spells                   Type           Power      Damage    Failure   Level
 Inner Flame              Hex/Fire       2%         N/A       82%         3
 Portal Projectile        Hex/Tloc       4%         N/A       82%         3
 Cause Fear               Hex            2%         N/A       97%         4

Inventory:

Hand Weapons
 Y - a +4 sling (weapon)
Armour
 g - a +0 cloak (worn)
 j - a +0 ring mail (worn)
Jewellery
 e - a ring of see invisible (left hand)
 i - an amulet of reflection (around neck)
Scrolls
 a - 2 scrolls of identify
Potions
 d - a potion of curing
 h - a potion of haste

Dungeon Overview and Level Annotations

Branches:
Dungeon (4/15)
 Temple: D:4-7

Altars:
Okawaru
Xom
Yredelemnul

Annotations:
D:3 3 runed translucent doors, qw's ghost, amateur GrHs


Message History

You block the water moccasin's attack. The water moccasin bites you!
You shoot a sling bullet.
The sling bullet hits the water moccasin!
The water moccasin is moderately wounded.
The water moccasin bites you. x2
You are poisoned.
The water moccasin poisons you!
You shoot a sling bullet.
The sling bullet hits the water moccasin!
The water moccasin is severely wounded.
You feel very sick.
The water moccasin bites you but does no damage.
You shoot a sling bullet.
The sling bullet closely misses the water moccasin.
You feel very sick.
The water moccasin bites you but does no damage.
The water moccasin closely misses you. You furiously retaliate!
You headbutt the water moccasin. You shoot a sling bullet.
The sling bullet hits the water moccasin but does no damage.
The water moccasin is severely wounded.
You feel sick.
The water moccasin bites you but does no damage.
The water moccasin bites you.
You are lethally poisoned!
The water moccasin poisons you!
You shoot a sling bullet.
The sling bullet closely misses the water moccasin.
You feel very sick. You block the water moccasin's attack.
The water moccasin bites you.
You shoot a sling bullet.
The sling bullet hits the water moccasin.
The water moccasin is almost dead.
You feel very sick.
The water moccasin bites you but does no damage.
You shoot a sling bullet.
The sling bullet misses the water moccasin.
You feel very sick. The water moccasin bites you!
You die...

#..# #.##.# #..#
#.##.### ...#
#.##.#.#######
...#####.##.#.##....#
....#.....##.#....##.#
...###.######.#.....#.#
#.# .. #.........#
#.#.#.###......)..
#@S...# #.####.###
###.### #.# #.# .# #.#
#.# # #.# #.# #.# #.#
#.####.# #.##.# #.##.#
#....#


You could see a water moccasin.

Vanquished Creatures
  A sleepcap (D:4)
  An adder (D:4)
  2 adder zombies (D:3)
  A worm (D:3)
  8 orcs
  11 ball pythons
  8 endoplasms
  5 giant cockroaches
  8 goblins
  9 hobgoblins
  7 kobolds
  4 quokkas (D:1)
  7 bats
  2 frilled lizards (D:2)
  10 rats
84 creatures vanquished.

Notes
Turn   | Place    | Note
-------+----------+-------------------------------------------
     0 | D:1      | qw the Minotaur Hexslinger began the quest for the Orb.
     0 | D:1      | Reached XP level 1. HP: 16/16 MP: 1/1
     0 | D:1      | 0 ||| qw: Version: 0.3-a-46-gb1f654a
     0 | D:1      | 0 ||| qw: Game counter: 3477
     0 | D:1      | 0 ||| qw: Melee chars always use a shield: true
     0 | D:1      | 0 ||| qw: God list: Okawaru
     0 | D:1      | 0 ||| qw: Allow faded altars: false
     0 | D:1      | 0 ||| qw: Do Orc after clearing Dungeon:15 true
     0 | D:1      | 0 ||| qw: Do second Lair branch before Depths: true
     0 | D:1      | 0 ||| qw: Lair rune preference: random
     0 | D:1      | 0 ||| qw: Goals: Normal
     0 | D:1      | 0 ||| PLANNING D:1-11
    85 | D:1      | Reached skill level 3 in Ranged Weapons
    85 | D:1      | Reached XP level 2. HP: 23/23 MP: 2/2
   532 | D:1      | Reached XP level 3. HP: 29/29 MP: 3/3
   710 | D:1      | 710 ||| UPGRADING to +0 ring mail.
   720 | D:1      | 720 ||| DROPPING +0 robe.
   721 | D:1      | 721 ||| UPGRADING to amulet of reflection.
   726 | D:1      | 726 ||| READING scroll labelled NUETRU YBOMME.
   727 | D:1      | 727 ||| READING scroll labelled SAGARCH FAXKU.
   728 | D:1      | 728 ||| DROPPING scroll of poison.
   833 | D:2      | Reached skill level 4 in Ranged Weapons
   988 | D:2      | Reached skill level 1 in Armour
  1333 | D:2      | 1333 ||| UPGRADING to +0 cloak.
  1338 | D:2      | 1338 ||| DROPPING amulet of guardian spirit.
  1339 | D:2      | 1339 ||| UPGRADING to ring of see invisible.
  1340 | D:2      | 1340 ||| READING scroll labelled PEURYGICZI.
  1341 | D:2      | 1341 ||| READING scroll labelled RIYK RUFIL.
  1342 | D:2      | 1342 ||| READING scroll labelled FUKIUW GAGEIGA.
  1343 | D:2      | 1343 ||| DRINKING 2 lumpy puce potions.
  1344 | D:2      | 1344 ||| DRINKING 2 fizzy ruby potions.
  1345 | D:2      | 1345 ||| READING 2 scrolls of identify.
  1345 | D:2      | 1345 ||| IDENTIFYING viscous inky potion
  1346 | D:2      | 1346 ||| DROPPING potion of brilliance.
  1467 | D:3      | Reached XP level 4. HP: 36/36 MP: 4/4
  1627 | D:3      | 1627 ||| READING 2 scrolls of enchant weapon.
  1627 | D:3      | 1627 ||| ENCHANTING +2 sling.
  1628 | D:3      | 1628 ||| READING scroll of enchant weapon.
  1628 | D:3      | 1628 ||| ENCHANTING +3 sling.
  1816 | D:3      | Found an iron altar of Okawaru.
  1817 | D:3      | 1817 ||| PLANNING OKAWARU WORSHIP
  1817 | D:3      | 1817 ||| DROPPING +6 ring of intelligence.
  1818 | D:3      | 1818 ||| READING scroll labelled PEDOME GAEGU.
  1826 | D:3      | Became a worshipper of Warmaster Okawaru
  1827 | D:3      | 1827 ||| PLANNING D:1-11
  1829 | D:3      | Found a shimmering altar of Xom.
  1849 | D:3      | Found a runed translucent gate.
  1849 | D:3      | Found a runed translucent gate.
  1849 | D:3      | Found a runed translucent gate.
  1849 | D:3      | Noticed qw's ghost (amateur GrHs)
  1851 | D:3      | Found a basalt altar of Yredelemnul.
  2294 | D:4      | Reached skill level 5 in Ranged Weapons
  2336 | D:4      | Reached skill level 3 in Fighting
  2336 | D:4      | Reached XP level 5. HP: 18/45 MP: 5/5
  2461 | D:4      | Noticed a water moccasin
  2468 | D:4      | HP: 11/45 [poisoned by a water moccasin]
  2470 | D:4      | HP: 3/45 [poisoned by a water moccasin]
  2470 | D:4      | Slain by a water moccasin

Levels and vault maps discovered:
D:1:      roderic_dead_forest, layout_basic, minmay_pentomino_u4
D:2:      layout_basic, kennysheep_potato
D:3:      layout_loops_ring, mainiacjoe_overflow_large_starburst,
          nicolae_yredelemnul_ghost_church
D:4:      layout_basic, kennysheep_mini, nicolae_overflow_hidden_temple,
          grunt_temple_overflow_open, lemuel_round_altar, minmay_bent

Skill      XL: |  1  2  3  4 |
---------------+-------------+-----
Ranged Weapons | 3 4 5 |  5.0
Fighting       | 2 3 |  3.0
Armour         | 1 |  1.0
Dodging        | |  2.1
Spellcasting   | |  1.0
Hexes          | |  2.0

Action                     |  1- 3 |  4- 6 || total
---------------------------+-------+-------++-------
   Fire: Sling             |   131 |    96 ||   227
    Use: Scroll            |     6 |     3 ||     9
         Potion            |     2 |       ||     2
 Armour: Robe              |     3 |       ||     3
         Ring mail         |     3 |    14 ||    17
  Dodge: Dodged            |    26 |    12 ||    38
  Block: Other             |     4 |    10 ||    14
         Reflection        |     1 |       ||     1

Table legend:
 A = Non-vault XP
 B = Vault XP
 C = Vault XP percentage of total XP
 D = Non-vault monster count
 E = Vault monster count
 F = Vault count percentage of total count
                 A         B        C        D         E       F
            +---------+---------+-------+---------+---------+-------
      Total |     189 |      20 |   9.6 |      76 |       8 |   9.5
            +---------+---------+-------+---------+---------+-------
        D:1 |      44 |       7 |  13.7 |      25 |       4 |  13.8
        D:2 |      27 |       3 |  10.0 |      17 |       2 |  10.5
        D:3 |      48 |      10 |  17.2 |      24 |       2 |   7.7
        D:4 |      70 |       0 |   0.0 |      10 |       0 |   0.0
            +---------+---------+-------+---------+---------+-------
